 Dungeon Crawl Stone Soup version 0.28-a0-313-gbc0475efdd (webtiles) character file.

Game seed: 2580985121331495629

4889 robertstho the Protected (level 10, -5/91 HPs)
             Began as a Minotaur Fighter on Aug 31, 2021.
             Was a Follower of Okawaru.
             Killed by the air
             ... invoked by Gastronok
              (31 damage)
             ... on level 8 of the Dungeon.
             The game lasted 00:13:47 (10044 turns).

robertstho the Protected (Minotaur Fighter)        Turns: 10044, Time: 00:13:47

Health: -5/91      AC: 13    Str: 24    XL:     10   Next: 26%
Magic:  17/19      EV: 15    Int:  5    God:    Okawaru [*.....]
Gold:   295        SH: 12    Dex: 16    Spells: 9/9 levels left

rFire   . . .      SeeInvis .   o - +2 hand axe (flame)
rCold   . . .      Faith    .   c - +0 kite shield
rNeg    . . .      Spirit   .   e - +5 ring mail of Fashionability {Dex+6}
rPois   .          Reflect  .   (helmet restricted)
rElec   .          Harm     .   (no cloak)
rCorr   .          Rampage  .   (no gloves)
Will    .....                   (no boots)
Stlth   +++.......              (no amulet)
HPRegen 0.25/turn               d - ring of magical power
MPRegen 0.16/turn               (no ring)

@: heroic, very slightly contaminated, invisible
A: horns 2, retaliatory headbutt
a: Renounce Religion, Heroism


You were on level 8 of the Dungeon.
You worshipped Okawaru.
Okawaru was aware of your devotion.
You visited 2 branches of the dungeon, and saw 9 of its levels.
You also visited: Ossuary.

You collected 295 gold pieces.

Inventory:

Hand Weapons
 a - a +0 war axe
 o - a +2 hand axe of flaming (weapon)
Armour
 c - a +0 kite shield (worn)
 e - the +5 ring mail of Fashionability (worn) {Dex+6}
   (You took it off a goblin on level 4 of the Dungeon)

   Dex:       It affects your dexterity (+6).
 i - a +1 chain mail
Jewellery
 d - a ring of magical power (left hand)
Scrolls
 b - 2 scrolls of enchant armour
 f - a scroll of silence
 g - a scroll of torment
 h - a scroll of blinking {unknown}
 k - a scroll of identify
 m - 2 scrolls of noise {unknown}
Potions
 j - a potion of flight
 l - 3 potions of curing {unknown}
 n - a potion of cancellation {unknown}


   Skills:
 * Level 9.3(14.3) Fighting
 + Level 10.0(15.0) Axes
 * Level 10.5(15.5) Armour
 + Level 3.3(8.3) Dodging
 + Level 0.8(5.8) Stealth
 + Level 6.9(11.9) Shields
 * Level 2.0 Invocations
 + Level 0.1 Evocations


You had 9 spell levels left.
You didn't know any spells.
Your spell library contained the following spells:

 Spells                   Type           Power      Damage    Failure   Level
 Portal Projectile        Hex/Tloc       0%         N/A       97%         3
 Stone Arrow              Conj/Erth      0%         3d7       97%         3
 Leda's Liquefaction      Hex/Erth       0%         N/A       100%        4
 Bolt of Magma            Conj/Fire/Erth 0%         4d4       100%        5
 Shatter                  Erth           0%         3d5*      100%        9
 Call Canine Familiar     Summ           Unusable   N/A       N/A         3

Dungeon Overview and Level Annotations

Branches:
Dungeon (8/15)             Temple (1/1) D:7         Ossuary (visited)
   Lair: D:8-11

Altars:
Hepliaklqana
Nemelex Xobeh
Okawaru
Trog

Shops:
D:6 =

Annotations:
D:8 Gastronok, Grum, Joseph


Innate Abilities, Weirdness & Mutations

You have a pair of horns on your head.
You reflexively headbutt those who attack you in melee.


Message History

The centaur shoots an arrow.
The arrow hits you. You block the wyvern zombie's attack.
The centaur shoots an arrow.
You block the arrow.
The centaur shoots an arrow.
You block the arrow.
Gastronok's eyestalks quiver as he mumbles some strange words.
You hit the centaur but do no damage. You headbutt the centaur.
You kill the centaur!
Okawaru accepts your kill.
The wyvern zombie dissolves into shadows!
The wyvern dissolves into shadows!
Your Invocations skill increases to level 2!
Gastronok mumbles some strange words.
You hit the quokka. You burn the quokka. You headbutt the quokka.
You kill the quokka!
The quokka's corpse disappears in a puff of smoke!
Gastronok gurgles.
You slash Gastronok! You burn Gastronok. You headbutt Gastronok!
Gastronok is lightly wounded.
You hit Gastronok. You burn Gastronok.
Gastronok is moderately wounded.
You feel like a meek peon again.
Gastronok waves his eye-stalks in wide circles.
* * * LOW HITPOINT WARNING * * *
You gain the combat prowess of a mighty hero.
You slash Gastronok! You burn Gastronok. You headbutt Gastronok!
Gastronok is heavily wounded.
You hit Gastronok. You burn Gastronok. You headbutt Gastronok.
Gastronok is heavily wounded.
You hit the river rat. You burn the river rat. You block Gastronok's attack.
You hit Gastronok but do no damage.
Gastronok is heavily wounded.
You slash the river rat! You burn the river rat.
You kill the river rat!
The river rat's corpse disappears in a puff of smoke!
You hit Gastronok. You burn Gastronok. You headbutt Gastronok!
Gastronok is heavily wounded.
You hit Gastronok. You burn Gastronok.
Gastronok is heavily wounded.
Gastronok waves his eye-stalks in wide circles.
You die...

.. ##.... # /.........#
....#...#. ......... .
#....## ..#.....##
.#.......## ........w§.#
........@..######
...........††....###
.#.........####...#
...........# ##++#
###......)## ♣♣♣.)♣♣♣
#........# ♣♣...)..♣♣
#.......##♣♣.))##...♣♣
#......##♣♣....##....♣♣
#.....##♣♣.....##.....♣♣


You could see Gastronok.

Vanquished Creatures
  Grinder (D:3)
  6 yaks
  2 vampire mosquitoes (D:8)
  2 water moccasins
  Duvessa (D:6)
  2 ice beasts
  3 ogres
  An orc warrior (D:7)
  4 black bears
  3 wolves (D:7)
  A centaur (D:8)
  A bullfrog (D:7)
  A water moccasin zombie (D:6)
  A wyvern zombie (D:7)
  Dowan (D:6)
  A scorpion (D:3)
  2 water moccasin skeletons
  8 wights (D:7)
  4 howler monkeys
  4 hounds
  3 human zombies (Ossuary)
  A bullfrog zombie (D:5)
  A gnoll shaman (D:5)
  4 orc priests
  5 iguanas
  3 centaur skeletons
  Natasha (thrice) (D:3)
  7 orc wizards
  2 hound zombies (Ossuary)
  A hound skeleton (D:4)
  3 mummies (Ossuary)
  Robin (D:2)
  6 gnolls
  5 adders
  A shadow imp (D:7)
  2 white imps
  2 ufetubi
  2 adder zombies (Ossuary)
  A dart slug (D:3)
  24 orcs
  5 ball pythons
  3 bats
  6 endoplasms
  A giant cockroach (D:3)
  A gnoll zombie (Ossuary)
  9 goblins
  8 hobgoblins
  6 jackals
  A quokka (D:1)
  2 frilled lizards (D:2)
  3 goblin zombies (Ossuary)
  5 hobgoblin zombies (Ossuary)
  A jackal zombie (Ossuary)
  6 kobolds
  5 kobold zombies (Ossuary)
  4 orc zombies (Ossuary)
  5 quokka zombies (Ossuary)
  A rat (D:3)
  2 rat zombies (Ossuary)
200 creatures vanquished.

Vanquished Creatures (others)
  A troll (D:8)
1 creature vanquished.

Grand Total: 201 creatures vanquished

Notes
Turn   | Place    | Note
-------+----------+-------------------------------------------
     0 | D:1      | robertstho the Minotaur Fighter began the quest for the
                  | Orb.
     0 | D:1      | Reached XP level 1. HP: 19/19 MP: 0/0
   144 | D:1      | Found a faded altar of an unknown god.
   449 | D:1      | Reached XP level 2. HP: 27/27 MP: 1/1
   555 | D:2      | You fall into a shaft and drop 2 floors!
   566 | D:4      | Reached XP level 3. HP: 26/33 MP: 2/2
  1064 | D:2      | Reached skill level 1 in Dodging
  1378 | D:2      | Noticed Robin
  1384 | D:2      | Reached XP level 4. HP: 39/40 MP: 3/3
  1393 | D:2      | Killed Robin
  1918 | D:3      | Noticed Natasha
  1923 | D:3      | Killed Natasha
  1937 | D:3      | Reached XP level 5. HP: 27/47 MP: 4/4
  2112 | D:3      | Noticed Grinder
  2120 | D:3      | Paralysed by Grinder for 5 turns
  2127 | D:3      | Paralysed by Grinder for 5 turns
  2537 | D:4      | Reached skill level 5 in Armour
  2616 | D:4      | Identified the +5 ring mail of Fashionability {Dex+6}
  2773 | D:4      | Noticed an ogre
  2805 | D:5      | Entered Level 5 of the Dungeon
  2815 | D:5      | Noticed a black bear
  2823 | D:5      | Found a sand-covered staircase.
  2830 | Ossuary  | Entered an ossuary
  3156 | Ossuary  | Reached skill level 5 in Fighting
  3271 | Ossuary  | Reached XP level 6. HP: 46/56 MP: 5/5
  3659 | D:6      | Reached skill level 5 in Axes
  3659 | D:6      | Reached skill level 5 in Shields
  3711 | D:6      | Noticed a yak
  3712 | D:6      | Noticed a yak
  3712 | D:6      | Noticed a yak
  3713 | D:6      | Noticed a yak
  3735 | D:6      | Killed a yak
  3736 | D:6      | Reached XP level 7. HP: 23/62 MP: 6/6
  4388 | D:6      | Reached XP level 8. HP: 71/71 MP: 7/7
  4411 | D:6      | Noticed Duvessa
  4414 | D:6      | Noticed Dowan
  4435 | D:6      | Killed Duvessa
  4438 | D:6      | Killed Dowan
  5149 | D:6      | Found Gestiez's Jewellery Emporium.
  5579 | D:5      | Reached XP level 9. HP: 45/79 MP: 8/8
  6634 | D:3      | Noticed Natasha
  6640 | D:3      | Killed Natasha
  6943 | D:3      | Noticed Natasha
  6953 | D:3      | Killed Natasha
  7035 | D:3      | Killed Grinder
  8156 | D:7      | Found a staircase to the Ecumenical Temple.
  8178 | Temple   | Entered the Ecumenical Temple
  8232 | Temple   | Became a worshipper of Warmaster Okawaru
  8337 | D:7      | Reached skill level 10 in Armour
  8374 | D:7      | Reached skill level 1 in Invocations
  8740 | D:7      | Reached * piety under Okawaru
  8757 | D:7      | Reached XP level 10. HP: 60/90 MP: 10/10
  9608 | D:8      | Noticed Grum
  9753 | D:8      | Noticed Joseph
 10020 | D:8      | Noticed Gastronok
 10025 | D:8      | Reached skill level 10 in Axes
 10044 | D:8      | Killed from afar by Gastronok

Illustrated notes

Levels and vault maps discovered:
D:1:      dpeg_arrival_orchard, layout_rooms, basic_ecumenical_altar
D:2:      layout_basic, serial_rivers, chequers_serial_rivers_micro_b,
          chequers_serial_rivers_marsh, chequers_serial_rivers_small_a,
          chequers_serial_rivers_micro_e, chequers_serial_rivers_micro_e,
          uniq_robin
D:3:      layout_basic, wad_floor_pattern_1, uniq_grinder, uniq_natasha
D:4:      layout_gridville
D:5:      layout_rooms, nicolae_ossuary_entry_ruins
D:6:      layout_rooms, serial_shops, nicolae_diamond_shop, uniq_duvessa
D:7:      layout_layer_cave, minmay_temple_entry_trees,
          minmay_misc_feat_enclosed
D:8:      layout_rooms, mainiacjoe_overflow_chevrons, serial_shops, shop,
          chequers_serial_rivers_small_3, kennysheep_cross_room,
          minmay_checkerbox, uniq_grum, uniq_joseph, uniq_gastronok
Temple:   dpeg_five_rooms_temple

Skill      XL: |  1  2  3  4  5  6  7  8  9 10 |
---------------+-------------------------------+-----
Fighting       | 4 5 6 7 8 9 |  9.3
Armour         | 4 5 6 7 8 10 | 10.5
Axes           | 3 4 5 6 8 9 10 | 10.0
Shields        | 4 5 6 |  6.9
Dodging        | 1 2 3 |  3.3
Invocations    | 1 2 |  2.0
Stealth        | |  0.8
Evocations     | |  0.1

Action                   |  1- 3 |  4- 6 |  7- 9 | 10-12 || total
-------------------------+-------+-------+-------+-------++-------
Melee: War axe           |    54 |   172 |   257 |       ||   483
       Headbutt          |     7 |    28 |    76 |    26 ||   137
       Unarmed           |       |     1 |       |       ||     1
       Hand axe          |       |       |    29 |    85 ||   114
Invok: Heroism           |       |       |       |     2 ||     2
Evoke: Wand              |       |     6 |       |       ||     6
  Use: Potion            |     2 |     1 |     5 |     1 ||     9
       Scroll            |       |     5 |     2 |       ||     7
 Stab: Invisible         |       |       |       |     2 ||     2
Armor: Scale mail        |    32 |       |       |       ||    32
       Chain mail        |     6 |   119 |    91 |       ||   216
       Ring mail         |       |       |    35 |    26 ||    61
Dodge: Dodged            |    24 |    57 |   111 |    44 ||   236
Block: Kite shield       |    22 |    80 |   147 |    47 ||   296

Table legend: (Time is in decaauts)
 A = Elapsed time spent in this place.
 B = Non-inter-level travel time spent in this place.
 C = Inter-level travel time spent in this place.
 D = Time resting spent in this place.
 E = Time spent auto-exploring this place.
 F = Levels seen in this place.
 G = Mean time per level.
                   A        B        C        D        E       F      G
               +--------+--------+--------+--------+--------+-----+--------+
         Total |  10254 |   9716 |    538 |   2210 |   5868 |  10 | 1025.4 |
       Dungeon |   9324 |   8819 |    505 |   1957 |   5441 |   8 | 1165.5 |
        Temple |     87 |     54 |     33 |      0 |     45 |   1 |   87.0 |
       Ossuary |    841 |    841 |      0 |    253 |    382 |   1 |  841.0 |
               +--------+--------+--------+--------+--------+-----+--------+

Top non-repeatable levels by time:
     D:6: 1694 daAuts
     D:7: 1629 daAuts
     D:2: 1608 daAuts
     D:3: 1602 daAuts
     D:4: 1124 daAuts
     D:5: 884 daAuts
 Ossuary: 841 daAuts
     D:1: 572 daAuts
     D:8: 210 daAuts
  Temple: 87 daAuts
